 Dungeon Crawl Stone Soup version 0.29-a0-284-gf9362112df (webtiles) character file.

Game seed: 16790000726776725665

798 Colgate the Vexing (level 7, 0/32 HPs)
             Began as a Spriggan Enchanter on Mar 15, 2022.
             Was a Believer of Sif Muna.
             Slain by a hound (2 damage)
             ... on level 6 of the Dungeon.
             The game lasted 00:18:57 (7369 turns).

Colgate the Vexing (Spriggan Enchanter)             Turns: 7369, Time: 00:18:57

Health: 0/32       AC:  2    Str:  4    XL:     7   Next: 58%
Magic:  0/12       EV: 17    Int: 18    God:    Sif Muna [**....]
Gold:   71         SH:  0    Dex: 16    Spells: 4/12 levels left

rFire   . . .      SeeInvis +   a - +1 dagger
rCold   . . .      Faith    .   (no shield)
rNeg    . . .      Spirit   +   t - +0 robe
rPois   .          Reflect  .   (helmet restricted)
rElec   .          Harm     .   (no cloak)
rCorr   .          Rampage  .   (gloves unavailable)
Will    +....                   (boots unavailable)
Stlth   +++.......              w - amulet of guardian spirit
HPRegen 0.10/turn               (no ring)
MPRegen 0.13/turn               (no ring)

@: very quick
A: very small, no large weapons, unfitting armour, see invisible, speed 3
a: Renounce Religion, Channel Magic


You were on level 6 of the Dungeon.
You worshipped Sif Muna.
Sif Muna was pleased with you.
You visited 1 branch of the dungeon, and saw 6 of its levels.

You collected 205 gold pieces.
You spent 134 gold pieces at shops.

Inventory:

Hand Weapons
 a - a +1 dagger (weapon)
 b - a +7 rapier of freezing
 x - the +7 hand crossbow of Calculation {flame, Str+4 Int+4}
   (You found it on level 4 of the Dungeon)

   Any ammunition fired from it burns those it strikes, dealing additional fire
   damage.
   Str:       It affects your strength (+4).
   Int:       It affects your intelligence (+4).
Armour
 t - a +0 robe (worn)
Jewellery
 w - an amulet of guardian spirit (around neck)
Wands
 v - a wand of flame (26)
 C - a wand of iceblast (4) {@v2}
Scrolls
 d - 11 scrolls of identify {unknown}
 e - a scroll of silence {unknown}
 h - 2 scrolls of teleportation {unknown}
 k - 3 scrolls of fog {unknown}
 m - 2 scrolls of immolation {unknown}
 o - a scroll of enchant armour {unknown}
 p - a scroll of magic mapping {unknown}
 q - a scroll of blinking {unknown}
 s - 2 scrolls of amnesia {unknown}
 y - a scroll of brand weapon {unknown}
 B - a scroll of enchant weapon {unknown}
Potions
 c - 3 potions of invisibility
 f - 2 potions of curing {@q1}
 g - a potion of attraction {unknown}
 i - a potion of brilliance {unknown}
 j - 2 potions of degeneration {unknown}
 l - a potion of magic {unknown}
 n - a potion of haste {unknown}
 r - 2 potions of heal wounds {@q2}
 u - a potion of mutation {unknown}
 z - a potion of flight {unknown}
 A - a potion of cancellation {unknown}


   Skills:
 - Level 2.0 Short Blades
 - Level 2.6 Dodging
 + Level 4.4 Stealth
 - Level 3.0 Spellcasting
 - Level 7.0 Hexes
 - Level 6.4 Invocations


You had 4 spell levels left.
You knew the following spells:

 Your Spells              Type           Power      Damage    Failure   Level
a - Ensorcelled Hibernat  Hex/Ice        30%        N/A       6%          2
b - Confusing Touch       Hex            28%        N/A       2%          3
c - Tukima's Dance        Hex            28%        N/A       2%          3

Your spell library contained the following spells:

 Spells                   Type           Power      Damage    Failure   Level
 Dazzling Flash           Conj/Hex       30%        N/A       12%         3
 Portal Projectile        Hex/Tloc       30%        N/A       12%         3
 Hailstorm                Conj/Ice       2%         3d3       85%         4
 Ice Form                 Ice/Tmut       2%         N/A       85%         4
 Blade Hands              Tmut           1%         N/A       99%         5
 Excruciating Wounds      Necr           1%         N/A       99%         5
 Simulacrum               Ice/Necr       1%         N/A       100%        6


Dungeon Overview and Level Annotations

Branches:
Dungeon (6/15)             Temple (0/1) D:6

Altars:
Makhleb
Sif Muna
Uskayaw
Vehumet
Wu Jian

Shops:
D:2 *   D:3 !**:!   D:5 :


Innate Abilities, Weirdness & Mutations

You are very small and have problems with some larger weapons.
You are too small for most types of armour.
You have supernaturally acute eyesight. (SInv)
You cover ground extremely quickly. (Speed+++)


Message History

a - a +1 dagger (weapon)
The bullfrog misses you.
Aiming: Ensorcelled Hibernation (safe; 6% risk of failure)
Aim: a bullfrog (chance to affect: 49%)
The bullfrog resists with some effort.
The bullfrog barely misses you.
Aiming: Ensorcelled Hibernation (safe; 6% risk of failure)
Aim: a bullfrog (chance to affect: 49%)
The bullfrog resists with some effort.
The bullfrog hits you!
The hound stops to sniff the ground.
Aiming: Ensorcelled Hibernation (safe; 6% risk of failure)
Aim: a bullfrog (chance to affect: 49%)
The bullfrog resists with some effort.
The bullfrog barely misses you. The bullfrog misses you.
You hit the hound. Your punch misses the hound. The hound bites you.
The bullfrog barely misses you.
You hit the bullfrog but do no damage. The hound misses you.
The bullfrog hits you. The hound bites you but does no damage.
You closely miss the bullfrog. The bullfrog hits you! The hound misses you.
The bullfrog hits you.
You hit the bullfrog. The hound barely misses you.
The bullfrog closely misses you.
You hit the bullfrog. The hound completely misses you. The bullfrog misses you.
The hound barely misses you.
You hit the bullfrog. The bullfrog closely misses you.
The hound closely misses you. The bullfrog hits you.
* * * LOW HITPOINT WARNING * * *
You hit the bullfrog. The hound closely misses you.
The bullfrog barely misses you. The hound bites you but does no damage.
You closely miss the bullfrog. The bullfrog hits you.
* * * LOW HITPOINT WARNING * * *
The hound closely misses you.
You hit the bullfrog. The bullfrog hits you.
* * * LOW HITPOINT WARNING * * *
The hound bites you.
* * * LOW HITPOINT WARNING * * *
The bullfrog closely misses you.
You closely miss the bullfrog. The hound bites you.
You die...

######### #.......#
#.......# #......@#
## #.....hF## ...
#......Yn## ....
#.>.......##.....
#.......#.........
#..
#.......#.##......
..#
#......##.##.##.##..
#.
####.###.........#..
#
#.#..............####


You could see an ice beast, a necrophage, a bullfrog and a hound.

Vanquished Creatures
  A sky beast (D:6)
  A centaur (D:3)
  3 scorpions
  A necrophage (D:4)
  A crimson imp (D:3)
  Jessica (D:2)
  An iguana (D:5)
  Ijyb (D:5)
  5 adders
  A shadow imp (D:5)
  2 ufetubi
  2 worms
  3 dart slugs
  3 orcs (D:3)
  5 ball pythons
  9 bats
  5 endoplasms
  3 giant cockroaches
  5 hobgoblins
  7 jackals
  2 quokkas (D:1)
  5 frilled lizards
  10 goblins
  4 kobolds
  11 rats
92 creatures vanquished.

Vanquished Creatures (collateral kills)
  Eustachio (D:5)
1 creature vanquished.

Vanquished Creatures (others)
  A plant (D:3)
1 creature vanquished.

Grand Total: 94 creatures vanquished

Notes
Turn   | Place    | Note
-------+----------+-------------------------------------------
     0 | D:1      | Colgate the Spriggan Enchanter began the quest for the Orb.
     0 | D:1      | Reached XP level 1. HP: 9/9 MP: 5/5
   215 | D:1      | Reached skill level 4 in Hexes
   307 | D:1      | Reached XP level 2. HP: 7/13 MP: 6/6
   310 | D:1      | Learned a level 2 spell: Ensorcelled Hibernation
   970 | D:1      | Reached skill level 5 in Hexes
  1047 | D:1      | Reached XP level 3. HP: 16/16 MP: 8/8
  1806 | D:2      | Noticed a scorpion
  1817 | D:2      | Killed a scorpion
  1818 | D:2      | Reached skill level 6 in Hexes
  1818 | D:2      | Reached XP level 4. HP: 21/21 MP: 4/9
  2136 | D:2      | Found a faded altar of an unknown god.
  2146 | D:2      | Prayed at the altar of an unknown god.
  2146 | D:2      | Became a worshipper of Sif Muna the Loreminder
  2146 | D:2      | Reached * piety under Sif Muna
  2532 | D:2      | Found Loiwk's General Store.
  2700 | D:2      | Found an ornate altar of the Wu Jian Council.
  2819 | D:2      | Noticed Jessica
  2824 | D:2      | Killed Jessica
  2825 | D:2      | Reached skill level 7 in Hexes
  2825 | D:2      | Reached XP level 5. HP: 24/24 MP: 7/10
  2881 | D:2      | Learned a level 3 spell: Confusing Touch
  2885 | D:2      | Learned a level 3 spell: Tukima's Dance
  3069 | D:3      | Found Feomucw's Book Boutique.
  3076 | D:3      | Found Ripus's Assorted Antiques.
  3187 | D:3      | Bought a scroll labelled SUESTR OXKASM for 24 gold pieces
  3187 | D:3      | Bought a fizzy orange potion for 21 gold pieces
  3196 | D:3      | Found Namaigoe's Distillery.
  3218 | D:3      | Found Potestu's General Store.
  3399 | D:3      | Found Wyckemygh's Distillery.
  3473 | D:3      | Noticed a centaur
  3567 | D:3      | Killed a centaur
  3567 | D:3      | Reached ** piety under Sif Muna
  3773 | D:3      | Reached XP level 6. HP: 28/28 MP: 4/11
  3930 | D:3      | Found a radiant altar of Vehumet.
  3931 | D:3      | Found a burning altar of Makhleb.
  4355 | D:3      | Found Potestu's General Store.
  4381 | D:3      | Found Ripus's Assorted Antiques.
  4383 | D:3      | Found Namaigoe's Distillery.
  4457 | D:3      | Found Feomucw's Book Boutique.
  4623 | D:3      | Found Wyckemygh's Distillery.
  4694 | D:3      | Found a radiant altar of Vehumet.
  4695 | D:3      | Found a burning altar of Makhleb.
  4773 | D:4      | Identified the +7 hand crossbow of Calculation {flame,
                  | Str+4 Int+4}
  5717 | D:5      | Entered Level 5 of the Dungeon
  5822 | D:2      | Bought a potion of curing for 39 gold pieces
  5917 | D:3      | Bought a potion of heal wounds for 50 gold pieces
  5993 | D:5      | Noticed Ijyb
  6000 | D:5      | Killed Ijyb
  6130 | D:5      | Reached XP level 7. HP: 23/32 MP: 7/12
  6293 | D:5      | Found Xugefo's Book Shop.
  6360 | D:5      | Noticed Eustachio
  6369 | D:5      | Killed Eustachio
  6370 | D:5      | Reached skill level 5 in Invocations
  6637 | D:5      | Noticed a +0 spear
  6637 | D:5      | Noticed a +0 falchion
  6637 | D:5      | Noticed a +0 short sword
  6637 | D:5      | Noticed a +0 dagger
  6638 | D:5      | Noticed a +0 spear
  6639 | D:5      | Noticed a +0 falchion
  6639 | D:5      | Noticed a +0 short sword
  6640 | D:5      | Noticed a +0 dagger
  6644 | D:5      | Found a hide-covered altar of Uskayaw.
  7334 | D:6      | Found a staircase to the Ecumenical Temple.
  7369 | D:6      | Slain by a hound

Illustrated notes

Levels and vault maps discovered:
D:1:      kilobyte_arrival_exit_the_forest, layout_basic, minmay_tromino_mix6
D:2:      layout_loops_ring, basic_altar,
          hellmonk_ecumenical_altar_leap_of_faith, serial_shops,
          nicolae_lakefront_shop, solitary_fountain, hangedman_decor_push,
          uniq_jessica
D:3:      layout_basic, grunt_temple_overflow_lords_of_destruction,
          serial_shops, nicolae_shop_statue_plus, nicolae_shop_advertising_works
          [nicolae_subvault_shop_adworks], shop, shop,
          nicolae_shop_overgrown_old_shop
D:4:      layout_rooms
D:5:      layout_basic, nicolae_uskayaw_en_pointe, serial_shops,
          nicolae_shop_stone, uniq_ijyb, uniq_eustachio
D:6:      layout_rooms, mainiacjoe_overflow_surrounded_room,
          mainiacjoe_overflow_concentric_impassable,
          minmay_temple_entry_large_hall, hex_large, minmay_misc_feat_diagonals

Skill      XL: |  1  2  3  4  5  6  7 |
---------------+----------------------+-----
Hexes          | 4 5 6 7 |  7.0
Spellcasting   | 3 |  3.0
Short Blades   | 2 |  2.0
Invocations    | 2 4 6 |  6.4
Dodging        | |  2.6
Stealth        | |  4.4

Action                   |  1- 3 |  4- 6 |  7- 9 || total
-------------------------+-------+-------+-------++-------
Melee: Dagger            |    92 |   102 |    18 ||   212
       Punch             |     1 |     1 |       ||     2
 Fire: Hand crossbow     |       |       |     9 ||     9
 Cast: Ensorcelled Hiber |    19 |    61 |    10 ||    90
       Confusing Touch   |       |     7 |     1 ||     8
       Tukima's Dance    |       |       |     1 ||     1
 Stab: Sleeping          |    17 |    46 |     4 ||    67
       Confused          |       |     5 |     1 ||     6
Armor: Robe              |     8 |     9 |     5 ||    22
Dodge: Dodged            |    73 |    80 |    32 ||   185

Table legend: (Time is in decaauts)
 A = Elapsed time spent in this place.
 B = Non-inter-level travel time spent in this place.
 C = Inter-level travel time spent in this place.
 D = Time resting spent in this place.
 E = Time spent auto-exploring this place.
 F = Levels seen in this place.
 G = Mean time per level.
                   A        B        C        D        E       F      G
               +--------+--------+--------+--------+--------+-----+--------+
         Total |   5637 |   5379 |    258 |      6 |   4582 |   6 |  939.5 |
       Dungeon |   5637 |   5379 |    258 |      6 |   4582 |   6 |  939.5 |
               +--------+--------+--------+--------+--------+-----+--------+

Top non-repeatable levels by time:
     D:3: 1351 daAuts
     D:1: 1347 daAuts
     D:2: 1252 daAuts
     D:5: 957 daAuts
     D:4: 677 daAuts
     D:6: 51 daAuts
